 Dungeon Crawl Stone Soup version 0.18-a0-5-gf1fb587 (webtiles) character file.

150950 Kolbur the Phalangite (level 16, -8/122 HPs)
             Began as a Merfolk Ice Elementalist on Oct 28, 2015.
             Was the Champion of the Shining One.
             Splashed by an acid blob's acid (10 damage)
             ... created by the royal jelly
             ... on level 6 of the Pits of Slime on Oct 31, 2015.
             The game lasted 08:55:03 (20017 turns).

Kolbur the Phalangite (Merfolk Ice Elementalist)   Turns: 20017, Time: 08:55:04

Health: -8/122     AC: 12    Str: 13    XL:     16   Next: 89%
Magic:  4/28       EV: 22    Int: 18    God:    the Shining One [******]
Gold:   1457       SH:  9    Dex: 19    Spells: 10 memorised, 1 level left

rFire  + . .     SeeInvis +     a - +3 halberd of Toink {flame, +Blink SInv}
rCold  . . .     Clarity  +     M - +5 steam dragon armour
rNeg   + + +     SustAt   .     (no shield)
rPois  .         Gourm    .     V - +2 hat {rC+}
rElec  .         Spirit   .     n - +2 cloak
rCorr  .         Warding  .     (no gloves)
rMut   .         Stasis   .     T - +0 pair of boots
MR     +....                    p - amulet of clarity
Stlth  +.........               f - ring of fire
                                r - +3 ring of protection

@: icy armour, icy shield, corroded equipment, very slightly contaminated,
hasted, glowing, very quick, somewhat resistant to hostile enchantments, very
unstealthy
A: change form in water, swift swim, icy blue scales 1, thin skeletal structure
1, clever 1, deformed body, strong 1, wild magic 1
a: Divine Shield, Cleansing Flame, Summon Divine Warrior, Renounce Religion,
Evoke Blink
}: 2/15 runes: decaying, serpentine


You were on level 6 of the Pits of Slime.
You worshipped the Shining One.
The Shining One was exalted by your worship.
You were not hungry.

You visited 6 branches of the dungeon, and saw 36 of its levels.
You also visited: Labyrinth, Ossuary, Bailey and Ice Cave.

You collected 1457 gold pieces.

Inventory:

Hand Weapons
 a - the +3 halberd of Toink (weapon) {flame, +Blink SInv}
   (You found it on level 10 of the Dungeon)

   It has been specially enchanted to burn those struck by it, causing extra
   injury to most foes and up to half again as much damage against particularly
   susceptible opponents.
   Big, fiery blades are also staple armaments of hydra-hunters.
   It lets you see invisible.
   It lets you blink.
 b - a +5 bardiche of holy wrath
 H - the +8 trident of the Octopus King {venom, rElec rPois MR+}
   (You found it on level 10 of the Dungeon)

   It poisons the flesh of those it strikes.
   It insulates you from electricity.
   It protects you from poison.
   It affects your resistance to hostile enchantments.
   The Shining One disapproves of the use of such an item.
Missiles
 j - 4 throwing nets
 I - 12 javelins of returning (quivered)
Armour
 l - the +1 robe of Indemnity {rN+ MR- Slay+6}
   (You took it off a naga sharpshooter on level 3 of the Snake Pit)

   It affects your accuracy and damage with ranged weapons and melee attacks
   (+6).
   It protects you from negative energy.
   It affects your resistance to hostile enchantments.
 n - a +2 cloak (worn)
 M - a +5 steam dragon armour (worn)
 P - the +1 robe of Itin {rElec rC+ rN+ Int+2}
   (You found it on level 1 of the Swamp)

   It affects your intelligence (+2).
   It protects you from cold.
   It insulates you from electricity.
   It protects you from negative energy.
 T - a +0 pair of boots (worn)
 V - a +2 hat of cold resistance (worn)
Jewellery
 f - a ring of fire (right hand)
 h - the ring of the Moon {Str+4 Stlth+}
   (You found it in a labyrinth)

   [ring of stealth]

   It affects your strength (+4).
   It makes you more stealthy.
 k - an uncursed ring of ice
 m - an uncursed amulet of resist mutation
 p - an amulet of clarity (around neck)
 r - a +3 ring of protection (left hand)
 z - an uncursed ring of protection from cold
Wands
 q - a wand of digging (10)
 x - a wand of hasting (0)
 B - a wand of cold (0)
 W - a wand of digging (18)
 X - a wand of enslavement (12)
 Z - a wand of paralysis (11)
Scrolls
 d - a scroll of blinking
 e - 2 scrolls of enchant armour
 i - 2 scrolls of magic mapping
 s - a scroll of silence {unknown}
 v - 3 scrolls of amnesia
 A - 5 scrolls of recharging
 D - a scroll of summoning {unknown}
 E - a scroll of brand weapon {unknown}
 F - a scroll of fear {unknown}
 Y - 3 scrolls of holy word
Potions
 g - a potion of cure mutation
 o - 2 potions of magic {unknown}
 t - a potion of brilliance
 u - 5 potions of curing
 L - a potion of cancellation
 R - 5 potions of flight
 U - a potion of berserk rage
Books
 y - a book of Enchantments

   Spells                             Type                      Level
   a - Cause Fear                     Hexes                        4
   b - Silence                        Hexes/Air                    5
   c - Deflect Missiles               Charms/Air                   6
   d - Haste                          Charms                       6
   e - Discord                        Hexes                        8
 J - a book of Transfigurations

   Spells                             Type                      Level
   a - Stoneskin                      Transmutation/Earth          2
   b - Irradiate                      Conjuration/Transmutation    5
   c - Statue Form                    Transmutation/Earth          6
   d - Hydra Form                     Transmutation                6
   e - Dragon Form                    Transmutation                7
Miscellaneous
 C - a stone of tremors (inert)
Comestibles
 K - 2 beef jerkies


   Skills:
 - Level 10.0 Fighting
 + Level 21.4 Polearms
 - Level 2.0 Throwing
 - Level 12.1 Dodging
 - Level 2.1 Stealth
 - Level 8.0 Spellcasting
   Level 0.7 Conjurations
 - Level 13.0 Charms
 - Level 6.0 Summonings
 - Level 3.0 Translocations
 - Level 8.0 Ice Magic
 - Level 4.1 Air Magic
 - Level 3.1 Poison Magic
 - Level 10.0 Invocations
 - Level 6.0 Evocations


You had one spell level left.
You knew the following spells:

 Your Spells              Type           Power        Failure   Level  Hunger
a - Freeze                Ice            ####         2%          1    None
c - Condensation Shield   Ice            ####......   9%          4    ###....
h - Haste                 Chrm           ######..     19%         6    ######.
i - Summon Ice Beast      Ice/Summ       ###.....     13%         4    ###....
m - Deflect Missiles      Chrm/Air       ######....   61%         6    ######.
o - Ozocubu's Armour      Chrm/Ice       ####....     2%          3    #......
p - Cure Poison           Pois           ####......   11%         2    None
z - Apportation           Tloc           ####......   7%          1    None
B - Summon Butterflies    Summ           #####...     3%          1    None
S - Song of Slaying       Chrm           ######..     1%          2    None


Dungeon Overview and Level Annotations

Branches:
Dungeon (13/15)            Temple (1/1) D:4            Lair (8/8) D:10
  Swamp (4/4) Lair:3        Snake (4/4) Lair:6        Slime (6/6) Lair:7
    Orc (0/4) D:12         Vaults (0/5) D:13

Altars:
Ashenzari
Cheibriados
Elyvilon
Fedhas
Gozag
Kikubaaqudgha
Nemelex Xobeh
Okawaru
Qazlal
Sif Muna
Trog
Vehumet
Xom
Zin
The Shining One
Jiyva

Shops:
D:12 :

Portals:
Trove: D:11 (give +6 demon blade)

Annotations:
D:3 Sigmund
D:4 Grinder, Pikel
D:6 Prince Ribbit
D:11 Maud
D:13 Josephine
Lair:3 Fannar
Lair:5 Kirke
Slime:6 Royal Jelly


Innate Abilities, Weirdness & Mutations

You revert to your normal form in water.
You are very nimble and swift while swimming.
You are partially covered in icy blue scales (AC +1).
You have a somewhat thin skeletal structure (Dex +2, Stealth).
Your mind is acute. (Int +2)
Armour fits poorly on your strangely shaped body.
Your muscles are strong. (Str +2)
Your spells are a little harder to cast, but a little more powerful.


Message History

Okay, then.
Unknown command.
Evoke which item? (* to show all) (? for menu, Esc to quit)
Okay, then.
Unknown command.
Evoke which item? (* to show all) (? for menu, Esc to quit)
Okay, then.
Unknown command.
You slash the acid blob! You burn the acid blob.
Your hands burn!
* * * LOW HITPOINT WARNING * * *
The acid blob is heavily wounded.
You hit the acid blob. You burn the acid blob. The acid corrodes you!
Your hands burn!
* * * LOW HITPOINT WARNING * * *
The acid blob is heavily wounded.
The acid blob spits acid at you. The splash of acid hits you!
* * * LOW HITPOINT WARNING * * *
The acid burns!
You die...

..............# #..# .
............## #.## .
...........## #..# ..
..........## ##.# .. ...........#
#..# ... ...........# #J## #...
...........########JJ########....
.............#..b#JJJ.#E..#......
..........##...#@JJJJJ.b#...#....
...........########JJ########....
..........## #.## #..J
..........# #..# ... ...........#
##.# .... ............# #..#
#..... .J..........# #.##
###..... .^........... #..#
##....... ........... ##
##.####........


You could see the royal jelly (inner flame), 4 acid blobs, 4 azure jellies, 3
death oozes and a friendly earth elemental.

Vanquished Creatures
  8 acid blobs
  5 azure jellies
  2 greater nagas
  A minotaur (Lab)
  2 death oozes (Slime:6)
  4 great orbs of eyes (Slime:5)
  11 hydras
  3 anacondas
  7 naga warriors
  A ghost crab (Swamp:2)
  6 alligators
  6 naga sharpshooters
  2 shock serpents
  The ghost of UristPineapples the Covert, a novice DsAs of Dithmenos (D:12)
  A giant orange brain (Slime:6)
  4 naga ritualists
  3 mana vipers
  2 shining eyes
  A hornet (Swamp:2)
  62 slime creatures
  5 salamanders
  An elephant (Lair:6)
  4 guardian serpents
  3 naga magi (Snake:4)
  An eye of devastation (Lair:7)
  A kobold demonologist (D:11)
  11 black mambas
  10 spiny frogs
  A torpor snail (Lair:7)
  A gargoyle (D:13)
  2 komodo dragons
  7 polar bears
  2 trolls (D:13)
  2 bog bodies
  2 giant leeches
  A hog (Lair:5)
  A shadow (D:11)
  5 blink frogs
  3 wraiths
  A spriggan (Swamp:2)
  A wyvern (Lair:3)
  3 hippogriffs
  38 yaks
  3 golden eyes (Slime:5)
  11 wolves
  A deep elf fighter (D:10)
  Menkaure (D:6)
  Edmund (D:4)
  7 insubstantial wisps
  5 swamp worms
  4 vampire mosquitoes
  16 nagas
  6 water moccasins
  3 ice beasts
  6 porcupines
  A black bear (Lair:4)
  7 orc warriors
  2 phantoms
  A slave (D:4)
  A sky beast (D:13)
  6 swamp drakes
  4 eyes of draining
  2 ogres
  4 wasps
  7 crocodiles
  8 centaurs
  An elf zombie (Ossuary)
  2 big kobolds
  A wyvern zombie (D:8)
  10 giant frogs
  4 scorpions
  11 killer bees
  8 wights
  4 centaur zombies
  An electric eel (Lair:1)
  4 orc priests
  5 hounds
  4 giant frog skeletons
  4 crimson imps
  Crazy Yiuf (D:4)
  2 giant frog zombies
  3 gnoll shamans (D:3)
  13 jellies
  7 worker ants
  8 orc wizards
  3 iguanas
  9 sheep
  A killer bee zombie (D:9)
  3 ogre zombies (Ossuary)
  2 big kobold zombies (Ossuary)
  8 mummies
  9 adders
  32 gnolls (D:3)
  15 river rats
  2 adder zombies
  A worm (D:3)
  4 giant geckos
  49 orcs
  16 bats
  3 giant cockroaches
  8 goblins
  5 hobgoblins (D:1)
  14 jackals
  A quokka (D:3)
  A ball python (D:1)
  4 giant newts
  3 goblin zombies (Ossuary)
  4 hobgoblin zombies (Ossuary)
  A jackal skeleton (D:6)
  16 kobolds
  3 kobold zombies (Ossuary)
  An orc zombie (Ossuary)
  A quokka skeleton (D:6)
  5 quokka zombies (Ossuary)
  18 rats
  5 rat zombies (Ossuary)
  A fungus (D:4)
  3 plants
689 creatures vanquished.

Vanquished Creatures (collateral kills)
  3 acid blobs (Slime:6)
  The ghost of chonchonts the Peltast, an adept GrFi of Makhleb (Swamp:1)
  A thorn hunter (Swamp:2)
  3 greater nagas (Snake:4)
  Donald (Swamp:4)
  6 naga warriors
  7 hydras
  2 anacondas (Snake:2)
  2 alligators (Swamp:4)
  A spriggan (Swamp:1)
  5 naga sharpshooters
  A salamander mystic (Snake:3)
  2 shambling mangroves
  A hill giant (D:12)
  3 swamp dragons (Swamp:4)
  2 naga ritualists
  A shining eye (Slime:5)
  3 mana vipers
  2 salamanders
  2 spiny frogs
  6 naga magi
  5 black mambas
  A komodo dragon (Lair:5)
  A fire drake (Swamp:4)
  A troll (D:13)
  A giant leech (Swamp:1)
  3 blink frogs (Lair:6)
  9 slime creatures
  7 vampire mosquitoes
  8 yaks
  A wolf (IceCv)
  A water moccasin (Lair:7)
  2 swamp worms
  10 nagas
  2 hippogriffs
  An eye of draining (Slime:3)
  7 orc warriors (Bailey)
  4 swamp drakes (Swamp:4)
  3 wasps
  A centaur (Bailey)
  2 killer bees (D:12)
  An iguana (Lair:3)
  2 orc wizards
  A sheep (Lair:7)
  A river rat (Lair:1)
  2 orcs
  A fungus (Lair:6)
133 creatures vanquished.

Vanquished Creatures (others)
  A yak (D:9)
  3 killer bees (D:9)
  A scorpion (D:9)
  A centaur skeleton (D:9)
  A worker ant (D:9)
  2 adders (D:9)
  3 plants
12 creatures vanquished.

Grand Total: 834 creatures vanquished

Notes
Turn   | Place    | Note
--------------------------------------------------------------
     0 | D:1      | Kolbur the Merfolk Ice Elementalist began the quest for the Orb.
     0 | D:1      | Reached XP level 1. HP: 13/13 MP: 3/3
    84 | D:1      | Reached XP level 2. HP: 19/19 MP: 0/5
   144 | D:1      | Reached skill level 4 in Ice Magic
   349 | D:1      | Reached XP level 3. HP: 11/24 MP: 1/6
   544 | D:3      | Learned a level 3 spell: Ozocubu's Armour
   544 | D:3      | Found a white marble altar of Elyvilon.
   572 | D:3      | Noticed Sigmund
   634 | D:3      | Reached skill level 5 in Ice Magic
   769 | D:4      | Found a staircase to the Ecumenical Temple.
   769 | D:4      | Noticed Edmund
   788 | D:3      | Reached XP level 4. HP: 26/30 MP: 1/7
   963 | D:3      | Reached skill level 1 in Fighting
  1171 | D:3      | Reached XP level 5. HP: 35/37 MP: 3/8
  1219 | D:3      | Reached skill level 1 in Polearms
  1239 | D:3      | Noticed an ogre
  1261 | D:3      | Killed an ogre
  1261 | D:3      | Reached skill level 1 in Charms
  1261 | D:3      | Reached XP level 6. HP: 42/44 MP: 9/9
  1436 | D:3      | Reached skill level 5 in Polearms
  1541 | D:3      | Reached skill level 6 in Polearms
  1571 | D:3      | Reached XP level 7. HP: 28/50 MP: 1/10
  1731 | D:3      | Reached skill level 7 in Polearms
  1981 | D:4      | Killed Edmund
  1981 | D:4      | Reached skill level 8 in Polearms
  1997 | Temple   | Entered the Ecumenical Temple
  2003 | Temple   | Learned a level 4 spell: Condensation Shield
  2008 | Temple   | Became a worshipper of the Shining One
  2030 | D:4      | Noticed a scorpion
  2040 | D:4      | Killed a scorpion
  2065 | D:4      | Noticed a slave
  2087 | D:4      | Noticed Grinder
  2104 | D:4      | Found a radiant altar of Vehumet.
  2132 | D:4      | Noticed a slave
  2134 | D:4      | Noticed a slave
  2151 | D:4      | Killed a slave
  2179 | D:4      | Noticed Crazy Yiuf
  2202 | D:4      | Killed Crazy Yiuf
  2237 | D:4      | Noticed a giant frog
  2245 | D:4      | Killed a giant frog
  2245 | D:4      | Reached skill level 9 in Polearms
  2247 | D:4      | Noticed Pikel
  2259 | D:4      | Noticed a slave
  2275 | D:5      | Entered Level 5 of the Dungeon
  2355 | D:5      | Reached XP level 8. HP: 43/57 MP: 8/11
  2597 | D:5      | Reached skill level 10 in Polearms
  2831 | D:6      | Noticed Prince Ribbit
  2912 | D:6      | Reached * piety under the Shining One
  3115 | D:7      | Got a pitted whip
  3190 | D:7      | Reached skill level 11 in Polearms
  3190 | D:7      | Reached skill level 5 in Dodging
  3208 | D:7      | Found a sand-covered staircase.
  3227 | Ossuary  | Entered an ossuary
  3311 | Ossuary  | Reached ** piety under the Shining One
  3560 | Ossuary  | Reached XP level 9. HP: 64/64 MP: 12/12
  3626 | Ossuary  | Reached *** piety under the Shining One
  3705 | Ossuary  | Reached skill level 12 in Polearms
  3827 | Ossuary  | Reached **** piety under the Shining One
  3985 | D:6      | Noticed Menkaure
  4022 | D:6      | Killed Menkaure
  4076 | D:6      | Learned a level 4 spell: Summon Ice Beast
  4084 | D:6      | Identified the cursed +1 whip "Giupn" {antimagic, rF+} (You found it on level 7 of the Dungeon)
  4763 | D:9      | Reached skill level 1 in Summonings
  4906 | D:9      | Reached skill level 5 in Fighting
  4928 | D:9      | Reached XP level 10. HP: 34/74 MP: 2/13
  5050 | D:9      | Reached ***** piety under the Shining One
  5254 | D:9      | Found a shimmering altar of Xom.
  5289 | D:10     | Entered Level 10 of the Dungeon
  5313 | D:10     | Found a flagged portal.
  5321 | D:10     | Got a brightly glowing halberd
  5322 | D:10     | Identified the cursed +3 halberd of Toink {flame, +Blink SInv} (You found it on level 10 of the Dungeon)
  5327 | Bailey   | Entered a bailey
  5336 | Bailey   | Reached skill level 5 in Summonings
  5490 | Bailey   | Reached skill level 13 in Polearms
  5640 | Bailey   | HP: 3/74 [centaur/javelin of returning (16)]
  5948 | Bailey   | Identified the Papyrus of Damaging Ignition
  6064 | D:11     | Reached skill level 14 in Polearms
  6269 | D:11     | Found a portal to a secret trove of treasure.
  6278 | D:11     | Noticed Maud
  6336 | D:12     | Found Wiluykuc's Book Emporium.
  6341 | D:12     | Noticed UristPineapples's ghost (novice DsAs)
  6416 | D:12     | Killed UristPineapples's ghost
  6416 | D:12     | Reached skill level 15 in Polearms
  6416 | D:12     | Reached XP level 11. HP: 79/79 MP: 11/16
  6532 | D:12     | Noticed a hill giant
  6543 | D:12     | Killed a hill giant
  6584 | D:12     | Reached skill level 1 in Invocations
  6673 | D:13     | Noticed Josephine
  6866 | D:13     | Reached skill level 16 in Polearms
  7099 | D:13     | Learned a level 1 spell: Apportation
  7101 | D:13     | Learned a level 1 spell: Summon Butterflies
  7173 | D:13     | Reached skill level 5 in Invocations
  7237 | D:13     | Reached skill level 1 in Throwing
  7315 | D:13     | Found a gate to the Vaults.
  7315 | D:13     | Noticed a centaur warrior
  7315 | D:13     | Noticed a vault guard
  7315 | D:13     | Noticed a vault guard
  7315 | D:13     | Noticed a vault guard
  7316 | D:13     | Noticed a vault guard
  7316 | D:13     | Reached ****** piety under the Shining One
  7316 | D:13     | Noticed a tengu warrior
  7316 | D:13     | Noticed a hill giant
  7553 | D:12     | Found a staircase to the Orcish Mines.
  7882 | D:10     | Found a staircase to the Lair.
  7886 | D:10     | Reached skill level 10 in Dodging
  7892 | Lair:1   | Entered Level 1 of the Lair of Beasts
  8038 | Lair:1   | Found a labyrinth entrance.
  8047 | Lair:1   | Reached XP level 12. HP: 81/89 MP: 9/18
  8053 | Lab      | Entered a labyrinth
  8430 | Lab      | Noticed a minotaur
  8466 | Lab      | Killed a minotaur
  8478 | Lab      | Identified a scroll of acquirement
  8503 | Lab      | Got an ancient bone ring
  8516 | Lab      | Identified the ring of the Moon {Str+4 Stlth+} (You found it in a labyrinth)
  8543 | Lab      | Got a translucent hand axe
  8818 | Lair:2   | Found a frozen archway.
  8828 | IceCv    | Entered an ice cave
  9069 | IceCv    | Noticed a frost giant
  9180 | Lair:3   | Noticed a seven-headed hydra
  9191 | Lair:3   | Killed a two-headed hydra
  9285 | Lair:3   | Found a staircase to the Swamp.
  9443 | Lair:4   | Found a deep blue altar of Sif Muna.
  9571 | Lair:5   | Identified Easy Hermeneutics (You found it on level 5 of the Lair of Beasts)
  9606 | Lair:5   | Noticed Kirke
  9710 | Lair:4   | Reached skill level 1 in Translocations
  9745 | Lair:3   | Noticed Fannar
  9972 | Lair:6   | Found a staircase to the Snake Pit.
 10062 | Lair:6   | Reached XP level 13. HP: 77/101 MP: 9/20
 10081 | Lair:6   | Identified a +3 bardiche of holy wrath (a +1 antimagic bardiche blessed by the Shining One)
 10081 | Lair:6   | Received a gift from the Shining One
 10088 | Lair:6   | Learned a level 2 spell: Song of Slaying
 10160 | Lair:8   | Entered Level 8 of the Lair of Beasts
 10184 | Lair:7   | Reached skill level 1 in Evocations
 10266 | Lair:6   | Noticed an eight-headed hydra
 10272 | Lair:6   | Killed a six-headed hydra
 10425 | Lair:3   | Noticed a seven-headed hydra
 10433 | Lair:3   | Killed a two-headed hydra
 10481 | Lair:3   | Upgraded the game from 0.17-a0-2220-g6fea741 to 0.17-a0-2231-gd80ca38
 10483 | Swamp:1  | Entered Level 1 of the Swamp
 10483 | Swamp:1  | Noticed chonchonts's ghost (adept GrFi)
 10498 | Swamp:1  | Killed chonchonts's ghost
 10498 | Swamp:1  | Reached skill level 10 in Fighting
 10498 | Swamp:1  | Reached skill level 10 in Invocations
 10564 | Swamp:1  | Reached skill level 5 in Spellcasting
 10697 | Swamp:1  | Got a heavy robe
 10756 | Swamp:1  | Identified the +1 robe of Itin {rElec rC+ rN+ Int+2} (You found it on level 1 of the Swamp)
 10763 | Swamp:1  | Learned a level 6 spell: Haste
 11111 | Swamp:2  | Noticed a thorn hunter
 11128 | Swamp:2  | Killed a thorn hunter
 11156 | Swamp:2  | Reached skill level 5 in Evocations
 11501 | Swamp:4  | Entered Level 4 of the Swamp
 11527 | Swamp:4  | Learned a level 2 spell: Cure Poison
 11565 | Swamp:4  | Reached XP level 14. HP: 110/110 MP: 16/23
 11717 | Swamp:4  | Reached skill level 5 in Charms
 11821 | Swamp:4  | Noticed Donald
 11830 | Swamp:4  | Killed Donald
 12184 | Swamp:4  | Got a decaying rune of Zot
 12254 | Swamp:2  | Reached skill level 1 in Poison Magic
 12421 | Snake:1  | Entered Level 1 of the Snake Pit
 12686 | Snake:1  | Noticed a greater naga
 12711 | Snake:1  | Killed a greater naga
 12711 | Snake:1  | Reached skill level 10 in Charms
 12996 | Snake:2  | Found an opulent altar of Gozag.
 13734 | Snake:1  | Gained mutation: Your muscles are strong. (Str +2) [mutagenic meat]
 13735 | Snake:1  | Gained mutation: You have a somewhat thin skeletal structure (Dex +2, Stealth). [mutagenic meat]
 13736 | Snake:1  | Gained mutation: Armour fits poorly on your strangely shaped body. [mutagenic meat]
 13737 | Snake:1  | Gained mutation: You are frail (-10% HP). [mutagenic meat]
 13738 | Snake:1  | Lost mutation: You are frail (-10% HP). [mutagenic meat]
 13739 | Snake:1  | Gained mutation: You are partially covered in icy blue scales (AC +1). [mutagenic meat]
 14051 | Snake:2  | Reached XP level 15. HP: 35/115 MP: 11/24
 14093 | Snake:2  | Upgraded the game from 0.17-a0-2231-gd80ca38 to 0.18-a0-1-gfac8111
 14171 | Snake:3  | Gained mutation: You have an increased reservoir of magic (+10% MP). [potion of beneficial mutation]
 14416 | Snake:4  | Entered Level 4 of the Snake Pit
 14431 | Snake:3  | Reached skill level 17 in Polearms
 14447 | Snake:3  | Gained mutation: Your mind is acute. (Int +2) [mutagenic meat]
 14448 | Snake:3  | Gained mutation: Your spells are a little harder to cast, but a little more powerful. [mutagenic meat]
 14874 | Snake:4  | Noticed a greater naga
 14884 | Snake:4  | Killed a greater naga
 15140 | Snake:3  | Found a glowing golden altar of the Shining One.
 15369 | Snake:3  | Got an opalescent robe
 15380 | Snake:3  | Identified the cursed +1 robe of Indemnity {rN+ MR- Slay+6} (You took it off a naga sharpshooter on level 3 of the Snake Pit)
 15918 | Snake:4  | Noticed a greater naga
 15937 | Snake:4  | Killed a greater naga
 15963 | Snake:4  | Noticed a greater naga
 15971 | Snake:4  | Killed a greater naga
 16023 | Snake:4  | Noticed a greater naga
 16029 | Snake:4  | Killed a greater naga
 16062 | Snake:4  | Noticed a greater naga
 16075 | Snake:4  | Reached skill level 18 in Polearms
 16082 | Snake:4  | Noticed a greater naga
 16084 | Snake:4  | Noticed a greater naga
 16084 | Snake:4  | Got a serpentine rune of Zot
 16109 | Snake:4  | Lost mutation: You have an increased reservoir of magic (+10% MP). [mutagenic glow]
 16357 | Lair:8   | Found a white marble altar of Elyvilon.
 16395 | Lair:8   | Reached XP level 16. HP: 88/122 MP: 26/28
 16510 | Lair:7   | Found a staircase to the Slime Pits.
 16527 | Slime:1  | Entered Level 1 of the Pits of Slime
 16631 | Slime:2  | Learned a level 6 spell: Deflect Missiles
 16657 | Slime:2  | Reached skill level 1 in Air Magic
 16996 | Slime:4  | Reached skill level 19 in Polearms
 17152 | Slime:4  | Noticed an acid blob
 17165 | Slime:4  | Killed an acid blob
 17246 | Slime:6  | Entered Level 6 of the Pits of Slime
 17272 | Slime:5  | Upgraded the game from 0.18-a0-1-gfac8111 to 0.18-a0-5-gf1fb587
 17281 | Slime:6  | Noticed an acid blob
 17321 | Slime:6  | Killed an acid blob
 17496 | Slime:6  | Found a viscous altar of Jiyva.
 17496 | Slime:6  | Noticed the royal jelly
 17499 | Slime:6  | Noticed an acid blob
 17508 | Slime:6  | Killed an acid blob
 17510 | Slime:6  | Noticed an acid blob
 17534 | Slime:6  | Killed an acid blob
 17540 | Slime:6  | Noticed an acid blob
 17761 | Slime:6  | Noticed an acid blob
 17768 | Slime:5  | HP: 6/122 [acid (12)]
 17772 | Slime:5  | The Shining One protects you from harm!
 18067 | Slime:5  | Killed an acid blob
 18319 | Slime:6  | Noticed an acid blob
 18380 | Slime:5  | Noticed an acid blob
 18398 | Slime:5  | Killed an acid blob
 18398 | Slime:5  | Reached skill level 20 in Polearms
 18485 | Slime:6  | Noticed an acid blob
 18500 | Slime:6  | Killed an acid blob
 18515 | Slime:6  | Noticed an acid blob
 18526 | Slime:6  | Killed an acid blob
 18743 | Slime:6  | Noticed an acid blob
 19153 | Slime:6  | Killed an acid blob
 19287 | Slime:6  | Killed an acid blob
 19287 | Slime:6  | Reached skill level 21 in Polearms
 19599 | Slime:6  | Killed an acid blob
 20006 | Slime:6  | Noticed an acid blob
 20006 | Slime:6  | Noticed an acid blob
 20009 | Slime:6  | Noticed an acid blob
 20012 | Slime:6  | Noticed an acid blob
 20017 | Slime:6  | HP: 2/122 [acid blob/splash of acid[the royal jelly] (13)]
 20017 | Slime:6  | Splashed by an acid blob's acid

Vault maps used:
D:1:      onia_arrival_larder, minmay_tree_intersection, minmay_surrounded
D:2:      uniq_jessica
D:3:      lemuel_castle_with_subvaults, first_bread, elyvilon_altar_3,
          uniq_sigmund
D:4:      lemuel_round_altar, minmay_temple_entry_statues_pillars, uniq_grinder,
          uniq_edmund, uniq_crazy_yiuf_cottage, uniq_pikel
D:5:      serial_shops, shop_statue
D:6:      kennysheep_mini_moat, roderic_batcave, uniq_prince_ribbit1,
          uniq_menkaure
D:7:      nicolae_whirlpool, gup_ossuary_entry_pyramid, minmay_misc_feat_alley,
          grunt_ogre_cave
D:8:      minitemple, kennysheep_boxes
D:9:      xom_confusion_cloud
D:10:     minmay_weird_star, grunt_lair_entry_elf_guard_hut, enter_bailey_2
D:11:     enter_trove_1, uniq_maud
D:12:     david_orc_4, serial_shops, nicolae_shop_behind_doors, uniq_azrael
D:13:     lightli_vaults_fourway_checkpoint, uniq_josephine
Temple:   nicolae_temple_no_exploring_needed
Lair:1:   lab_entry_generic, st_stairs_3, wad_woods_04
Lair:2:   beast_lair_carwin_large_2, portal_ice_cave_entry_pillars_01
Lair:3:   minmay_swamp_entry_worms, uniq_fannar
Lair:4:   wad_woods_stonehenge
Lair:5:   uniq_kirke
Lair:6:   dummy_snake_entry
Lair:7:   minmay_slime_entry_eyes
Lair:8:   wormcave, guppyfry_lair_end_dragon, basic_altar, lemuel_fruit_tree,
          serial_bayou_shore_b
Swamp:1:  evilmike_swamp_ruin_house_4, swamp_pool2
Swamp:2:  hangedman_swamp_diagram
Swamp:3:  evilmike_swamp_ruin_rubble_2, swamp_pool5, uniq_nikola
Swamp:4:  swamp_alternative, swamp_pool2, uniq_donald
Snake:1:  nicolae_snake_single_loop
Snake:2:  basic_altar
Snake:3:  basic_altar, serial_shops, nicolae_shop_overgrown_old_shop,
          abandoned_shop, uniq_aizul
Snake:4:  snake_pit
Lab:      nicolae_lab_do_over
Ossuary:  ossuary_boxes_badplayer
Bailey:   bailey_polearm_flooded_kennysheep, bailey
IceCv:    ice_cave_small_giant

Action                   |  1- 3 |  4- 6 |  7- 9 | 10-12 | 13-15 | 16-18 || total
-------------------------+-------+-------+-------+-------+-------+-------++-------
Melee: Unarmed           |     6 |       |       |       |       |       ||     6
       Dagger            |    27 |    14 |       |       |       |       ||    41
       Spear             |       |   151 |   775 |    60 |       |       ||   986
       Halberd           |       |       |       |   751 |   807 |   534 ||  2092
       Bardiche          |       |       |       |       |    12 |       ||    12
Throw: Stone             |     8 |    64 |    20 |     5 |       |       ||    97
       Throwing net      |       |       |     2 |       |       |       ||     2
       Javelin           |       |       |       |       |    30 |    37 ||    67
 Cast: Freeze            |    65 |    46 |   100 |    34 |    23 |     4 ||   272
       Ozocubu's Armour  |       |     1 |    21 |    43 |    70 |    38 ||   173
       Condensation Shie |       |       |     7 |     5 |    17 |    21 ||    50
       Summon Ice Beast  |       |       |       |    59 |    90 |    15 ||   164
       Apportation       |       |       |       |     1 |    32 |     7 ||    40
       Cure Poison       |       |       |       |       |    18 |       ||    18
       Haste             |       |       |       |       |     7 |    13 ||    20
       Summon Butterflie |       |       |       |       |       |     4 ||     4
       Deflect Missiles  |       |       |       |       |       |     1 ||     1
Invok: Summon Divine War |       |       |       |       |    12 |     2 ||    14
       Brand Weapon With |       |       |       |       |     1 |       ||     1
       Divine Shield     |       |       |       |       |     1 |       ||     1
 Abil: Evoke Berserk Rag |       |       |       |     1 |       |       ||     1
       Evoke Blink       |       |       |       |       |    12 |     1 ||    13
Evoke: Wand              |       |       |       |     3 |    10 |     1 ||    14
       Stone of tremors  |       |       |       |       |       |     2 ||     2
  Use: Scroll            |       |     2 |    12 |    17 |    19 |     3 ||    53
       Potion            |       |       |     2 |     1 |    17 |     4 ||    24
 Stab: Sleeping          |     5 |       |    21 |     3 |     2 |     1 ||    32
       Distracted        |       |       |     1 |     1 |       |       ||     2
       Held in net/web   |       |       |     6 |       |       |       ||     6
  Eat: Chunk             |     1 |     3 |     8 |    20 |    25 |       ||    57
       Meat ration       |       |       |     2 |     3 |     3 |       ||     8
       Pizza             |       |       |       |     1 |     3 |       ||     4
       Beef jerky        |       |       |       |     1 |     1 |       ||     2
       Bread ration      |       |       |       |       |     4 |     8 ||    12

Vault maps used:
D:1:      onia_arrival_larder, minmay_tree_intersection, minmay_surrounded
D:2:      uniq_jessica
D:3:      lemuel_castle_with_subvaults, first_bread, elyvilon_altar_3,
          uniq_sigmund
D:4:      lemuel_round_altar, minmay_temple_entry_statues_pillars, uniq_grinder,
          uniq_edmund, uniq_crazy_yiuf_cottage, uniq_pikel
D:5:      serial_shops, shop_statue
D:6:      kennysheep_mini_moat, roderic_batcave, uniq_prince_ribbit1,
          uniq_menkaure
D:7:      nicolae_whirlpool, gup_ossuary_entry_pyramid, minmay_misc_feat_alley,
          grunt_ogre_cave
D:8:      minitemple, kennysheep_boxes
D:9:      xom_confusion_cloud
D:10:     minmay_weird_star, grunt_lair_entry_elf_guard_hut, enter_bailey_2
D:11:     enter_trove_1, uniq_maud
D:12:     david_orc_4, serial_shops, nicolae_shop_behind_doors, uniq_azrael
D:13:     lightli_vaults_fourway_checkpoint, uniq_josephine
Temple:   nicolae_temple_no_exploring_needed
Lair:1:   lab_entry_generic, st_stairs_3, wad_woods_04
Lair:2:   beast_lair_carwin_large_2, portal_ice_cave_entry_pillars_01
Lair:3:   minmay_swamp_entry_worms, uniq_fannar
Lair:4:   wad_woods_stonehenge
Lair:5:   uniq_kirke
Lair:6:   dummy_snake_entry
Lair:7:   minmay_slime_entry_eyes
Lair:8:   wormcave, guppyfry_lair_end_dragon, basic_altar, lemuel_fruit_tree,
          serial_bayou_shore_b
Swamp:1:  evilmike_swamp_ruin_house_4, swamp_pool2
Swamp:2:  hangedman_swamp_diagram
Swamp:3:  evilmike_swamp_ruin_rubble_2, swamp_pool5, uniq_nikola
Swamp:4:  swamp_alternative, swamp_pool2, uniq_donald
Snake:1:  nicolae_snake_single_loop
Snake:2:  basic_altar
Snake:3:  basic_altar, serial_shops, nicolae_shop_overgrown_old_shop,
          abandoned_shop, uniq_aizul
Snake:4:  snake_pit
Lab:      nicolae_lab_do_over
Ossuary:  ossuary_boxes_badplayer
Bailey:   bailey_polearm_flooded_kennysheep, bailey
IceCv:    ice_cave_small_giant

Table legend:
 A = Turns spent in this place as a percentage of turns spent in the entire game.
 B = Non-inter-level travel turns spent in this place as a percentage of non-inter-level travel turns spent in the entire game.
 C = Inter-level travel turns spent in this place as a percentage of turns spent in this place.
 D = Turns resting spent in this place as a percentage of non-inter-level travel turns spent in this place.
 E = Turns spent auto-exploring this place as a percentage of non-inter-level travel turns spent in this place.
 F = Non-inter-level travel turns spent in this place divided by the number of levels of this place that you've seen.
                   A       B       C       D       E      F
               +-------+-------+-------+-------+-------+----------------------
         Total | 100.0 | 100.0 |   0.1 |   0.3 |   0.0 | 515.3
       Dungeon |  31.6 |  31.6 |   0.2 |   0.2 |   0.0 | 501.3
        Temple |   0.1 |   0.1 |   0.0 |   0.0 |   0.0 |  25.0
          Lair |  10.3 |  10.3 |   0.2 |   0.3 |   0.0 | 265.8
         Swamp |   9.5 |   9.5 |   0.3 |   0.2 |   0.0 | 488.0
     Snake Pit |  20.0 |  20.0 |   0.1 |   0.6 |   0.0 | 1030.5
    Slime Pits |  17.8 |  17.8 |   0.0 |   0.4 |   0.0 | 610.8
     Labyrinth |   2.5 |   2.5 |   0.0 |   0.4 |   0.0 | 520.0
       Ossuary |   3.4 |   3.4 |   0.0 |   0.0 |   0.0 | 694.0
        Bailey |   3.4 |   3.4 |   0.0 |   0.0 |   0.0 | 704.0
      Ice Cave |   1.4 |   1.4 |   0.0 |   0.0 |   0.0 | 286.0
               +-------+-------+-------+-------+-------+----------------------
